 Dungeon Crawl Stone Soup version 0.24-a0-736-g4e6fe308c7 (webtiles) character file.

Game seed: 4011066465960175504, levelgen mode: deterministic

195 Kairok the Sneak (level 5, -1/27 HPs)
             Began as a Vine Stalker Assassin on Oct 2, 2019.
             Slain by Grinder (5 damage)
             ... on level 3 of the Dungeon.
             The game lasted 00:03:24 (1804 turns).

Kairok the Sneak (Vine Stalker Assassin)            Turns: 1804, Time: 00:03:24

Health: -1/27      AC:  5    Str: 13    XL:     5   Next: 74%
Magic:  0/6        EV: 12    Int: 11    God:
Gold:   82         SH:  0    Dex: 17    Spells: 4/4 levels left

rFire    . . .     SeeInvis .   k - +2 dagger (flame)
rCold    . . .     Gourm    .   (no shield)
rNeg     . . .     Faith    .   s - +0 leather armour
rPois    .         Spirit   +   (no helmet)
rElec    .         Reflect  .   c - +0 cloak
rCorr    .         Harm     .   (no gloves)
MR       .....                  l - +0 pair of boots
Stlth    +++.......             (no amulet)
HPRegen  0.49/turn              (no ring)
MPRegen  0.10/turn              (no ring)

@: no status effects
A: fangs 2, regeneration 1, magic shield, antimagic bite, no potion heal 3, rot
immunity
a: no special abilities


You were on level 3 of the Dungeon.
You were very hungry.

You visited 1 branch of the dungeon, and saw 3 of its levels.

You collected 82 gold pieces.

Inventory:

Hand Weapons
 a - a +2 dagger
 k - a +2 dagger of flaming (weapon)
Missiles
 d - 8 poisoned darts (quivered)
 e - 2 curare-tipped darts
Armour
 b - a +0 robe
 c - a +0 cloak (worn)
 l - a +0 pair of boots (worn)
 s - a +0 leather armour (worn)
Scrolls
 h - a scroll of amnesia {unknown}
 i - a scroll of teleportation
 n - a scroll of enchant weapon {unknown}
 o - a scroll of fear {unknown}
 p - a scroll of enchant armour {unknown}
 q - a scroll of fog
 r - a scroll of blinking {unknown}
Potions
 g - a potion of cancellation
 j - a potion of haste
 m - a potion of heal wounds
Comestibles
 f - 6 rations


   Skills:
 + Level 2.5 Fighting
 + Level 2.8 Short Blades
 + Level 2.1 Throwing
 + Level 1.7 Dodging
 + Level 6.7 Stealth


You had 4 spell levels left.
You didn't know any spells.
Your spell library was empty.

Dungeon Overview and Level Annotations

Branches:
Dungeon (3/15)

Altars:

Annotations:
D:3 Grinder


Innate Abilities, Weirdness & Mutations

You have extremely sharp teeth.
Your natural rate of healing is unusually fast.
When hurt, damage is shared between your health and your magic reserves.
Your bite disrupts and absorbs the magic of your enemies.
Potions cannot restore your health.
You are immune to rotting.


Message History

You hit Grinder but do no damage. You bite Grinder, but do no damage.
Grinder is moderately wounded.
Grinder misses you.
You hit Grinder but do no damage. You bite Grinder.
Grinder's magic leaks into the air.
You drain her magic.
You feel invigorated.
Grinder is heavily wounded.
Grinder zaps a wand.
The puff of flame hits you!
You barely miss Grinder.
Grinder is heavily wounded.
Grinder falters for a moment.
You barely miss Grinder.
Grinder is heavily wounded.
Grinder zaps a wand.
The puff of flame hits you!
* * * LOW HITPOINT WARNING * * *
You hit Grinder but do no damage.
Grinder is moderately wounded.
Grinder hits you.
* * * LOW HITPOINT WARNING * * *
You writhe in agony.
You die...

#>...+ .. #....#..
##....#. #......
#.....# .. #.....#
... #.5...# #..
#..@..######## #.#
##...........#####..
#..................
#####............<.
#.........#.##...#.
#.........#.##...#.
#.........#.##...#.
#.........'.##.....
#.........#....†...


You could see Grinder.

Vanquished Creatures
  A bullfrog (D:3)
  Jessica (D:2)
  2 adders (D:2)
  A worm (D:2)
  2 dart slugs (D:1)
  2 leopard geckos
  6 giant cockroaches
  15 goblins
  9 hobgoblins
  7 jackals (D:2)
  14 bats
  6 frilled lizards
  5 kobolds
  5 rats
76 creatures vanquished.

Notes
Turn   | Place    | Note
-------+----------+-------------------------------------------
     0 | D:1      | Kairok the Vine Stalker Assassin began the quest for the
                  | Orb.
     0 | D:1      | Reached XP level 1. HP: 11/11 MP: 2/2
    90 | D:1      | Reached skill level 5 in Stealth
    90 | D:1      | Reached XP level 2. HP: 15/15 MP: 3/3
   298 | D:1      | Reached XP level 3. HP: 18/18 MP: 4/4
  1130 | D:2      | Reached skill level 1 in Dodging
  1130 | D:2      | Gained mutation: Your natural rate of healing is unusually
                  | fast. [Vine Stalker growth]
  1130 | D:2      | Reached XP level 4. HP: 14/23 MP: 5/5
  1132 | D:2      | Reached skill level 6 in Stealth
  1544 | D:2      | Noticed Jessica
  1554 | D:2      | Killed Jessica
  1554 | D:2      | Reached XP level 5. HP: 27/27 MP: 6/6
  1774 | D:3      | Noticed Grinder
  1804 | D:3      | Slain by Grinder

Levels and vault maps discovered:
D:1:      moated_graveyard_arrival, layout_loops_corners
D:2:      layout_loops_ring, uniq_jessica
D:3:      layout_basic, nicolae_overflow_crystal_walls, first_ration,
          uniq_grinder

Skill      XL: |  1  2  3  4 |
---------------+-------------+-----
Fighting       | 2 |  2.5
Stealth        | 5 6 |  6.7
Throwing       | 2 |  2.1
Short Blades   | 2 |  2.8
Dodging        | 1 |  1.7

Action                   |  1- 3 |  4- 6 || total
-------------------------+-------+-------++-------
Melee: Dagger            |   105 |    98 ||   203
       Bite              |    20 |    30 ||    50
  Use: Scroll            |       |     5 ||     5
 Stab: Sleeping          |    12 |    11 ||    23
  Eat: Chunk             |       |     2 ||     2
Armor: Robe              |    26 |    27 ||    53
Dodge: Dodged            |    71 |    60 ||   131

Table legend:
 A = Non-vault XP
 B = Vault XP
 C = Vault XP percentage of total XP
 D = Non-vault monster count
 E = Vault monster count
 F = Vault count percentage of total count
                 A         B        C        D         E       F
            +---------+---------+-------+---------+---------+-------
      Total |     242 |      37 |  13.3 |      75 |       1 |   1.3
            +---------+---------+-------+---------+---------+-------
        D:1 |      52 |       0 |   0.0 |      29 |       0 |   0.0
        D:2 |      92 |      37 |  28.7 |      38 |       1 |   2.6
        D:3 |      98 |       0 |   0.0 |       8 |       0 |   0.0
            +---------+---------+-------+---------+---------+-------
